 Dungeon Crawl Stone Soup version 0.25-a0-96-g4073cf80fb (webtiles) character file.

Game seed: 4485201913916136290, levelgen mode: deterministic

63681 DavidChitty2 the Basher (level 15, 0/69 HPs)
             Began as a Gargoyle Fighter on Nov 11, 2019.
             Was the Champion of Okawaru.
             Killed from afar by a raiju (6 damage)
             ... with a living lightning
             ... on level 3 of the Abyss.
             The game lasted 00:26:00 (17107 turns).

DavidChitty2 the Basher (Gargoyle Fighter)         Turns: 17107, Time: 00:26:01

Health: 0/69       AC: 33    Str: 26    XL:     15   Next: 10%
Magic:  16/16      EV:  5    Int: 10    God:    Okawaru [******]
Gold:   1143       SH: 25    Dex: 12    Spells: 14/14 levels left

rFire    . . .     SeeInvis +   a - +6 flail "Mud Pie of Death" {crush, rC- MR+++ Dex+5}
rCold    + + .     Gourm    .   N - +5 large shield of the Sixty-Six Hells {Str+2}
rNeg     + . .     Faith    .   J - +0 plate armour
rPois    ∞         Spirit   .   w - +0 helmet {SInv}
rElec    +         Reflect  .   (no cloak)
rCorr    .         Harm     .   (no gloves)
MR       ++++.     Rnd*Rage +   (no boots)
Stlth    ..........             f - amulet of Nitay {RegenMP rC+++ Str-5 Dex-2 Slay+5}
HPRegen  0.21/turn              m - +4 ring of strength
MPRegen  0.40/turn              v - +5 ring of protection

@: berserk cooldown, flying, slowed, very slow
A: big wings, [berserk 3], [frail 3], [low mp 2], negative energy resistance 1,
electricity resistance, unbreathing, petrification resistance, [no potion heal
2], rot immunity, [subdued magic 2], AC +11
a: Stop Flying, Heroism, Finesse, Renounce Religion


You were on level 3 of the Abyss.
You worshipped Okawaru.
Okawaru was exalted by your worship.
You were hungry.

You visited 3 branches of the dungeon, and saw 20 of its levels.
You visited the Abyss 1 time.

You collected 1273 gold pieces.
You spent 130 gold pieces at shops.

Inventory:

Hand Weapons
 a - the +6 flail "Mud Pie of Death" (weapon) {crush, rC- MR+++ Dex+5}
   (You found it on level 4 of the Dungeon)

   It inflicts extra damage upon your enemies.
   It affects your dexterity (+5).
   It makes you vulnerable to cold.
   It affects your resistance to hostile enchantments.
 b - a +1 flail
 S - a +1 eveningstar of protection
   (Okawaru gifted it to you on level 14 of the Dungeon)
Missiles
 i - 55 poisoned darts (quivered)
 E - 4 throwing nets {!f}
Armour
 w - a +0 helmet of see invisible (worn)
   (Okawaru gifted it to you on level 6 of the Lair of Beasts)
 J - a +0 plate armour (worn)
   (You took it off an orc warrior on level 10 of the Dungeon)
 N - the +5 large shield of the Sixty-Six Hells (worn) {Str+2}
   (Okawaru gifted it to you on level 6 of the Lair of Beasts)

   It affects your strength (+2).
Jewellery
 f - the amulet of Nitay (around neck) {RegenMP rC+++ Str-5 Dex-2 Slay+5}
   (You found it on level 9 of the Dungeon)

   [amulet of magic regeneration]

   It increases your magic regeneration.
   It affects your strength (-5).
   It affects your dexterity (-2).
   It affects your accuracy and damage with ranged weapons and melee attacks
   (+5).
   It renders you almost immune to cold.
 l - an uncursed ring of protection from magic
   (You found it on level 6 of the Dungeon)
 m - a +4 ring of strength (left hand)
   (You found it on level 1 of the Dungeon)
 v - a +5 ring of protection (right hand)
   (You found it on level 5 of the Dungeon)
 A - an uncursed ring of protection from magic
   (You found it on level 10 of the Dungeon)
Wands
 d - a wand of iceblast (9)
   (You found it on level 4 of the Lair of Beasts)
 t - a wand of flame (58)
   (You found it on level 4 of the Dungeon)
 u - a wand of paralysis (3)
   (You took it off Psyche on level 9 of the Dungeon)
 x - a wand of acid (11)
   (You found it on level 3 of the Dungeon)
 G - a wand of scattershot (13)
   (You found it on level 9 of the Dungeon)
 R - a wand of clouds (7)
   (You took it off a tengu conjurer on level 14 of the Dungeon)
Scrolls
 k - 3 scrolls of enchant weapon
 o - 5 scrolls of teleportation {@r4}
 p - 6 scrolls of fear
 s - 9 scrolls of enchant armour
 y - 3 scrolls of magic mapping
 D - 6 scrolls of remove curse {@r2}
 F - a scroll of fog
 H - 7 scrolls of identify {@r1}
 Q - a scroll of summoning {unknown}
Potions
 g - 2 potions of haste {@q3}
 h - 4 potions of brilliance
 j - 4 potions of heal wounds {@q2}
 n - 8 potions of flight
 q - 10 potions of curing {@q1}
 r - 2 potions of resistance
 z - 2 potions of mutation {!q}
 B - 2 potions of ambrosia
 C - 5 potions of agility
 I - 2 potions of berserk rage
 K - 2 potions of cancellation
 L - 3 potions of lignification {!q}
 M - 3 potions of might
 O - a potion of invisibility
Miscellaneous
 P - a box of beasts
Comestibles
 c - 24 chunks of flesh
 e - 34 rations {!d}


   Skills:
 + Level 13.4 Fighting
 - Level 14.0 Maces & Flails
 + Level 13.3 Armour
 + Level 13.4 Shields
 - Level 8.0 Invocations


You had 14 spell levels left.
You didn't know any spells.
Your spell library contained the following spells:

 Spells                   Type           Power        Failure   Level  Hunger
 Magic Dart               Conj           #...         100%        1    ##.....
 Blink                    Tloc           N/A          100%        2    ###....
 Call Imp                 Summ           #.......     100%        2    ###....
 Slow                     Hex            #.......     100%        2    ###....
 Conjure Flame            Conj/Fire      #.......     100%        3    ####...
 Inner Flame              Hex/Fire       #.......     100%        3    ####...
 Mephitic Cloud           Conj/Pois/Air  #.......     100%        3    ####...
 Fulminant Prism          Conj/Hex       #.........   100%        4    #####..
 Silence                  Hex/Air        #.........   100%        5    ######.
 Statue Form              Tmut/Erth      Unusable     N/A         6    N/A

Dungeon Overview and Level Annotations

Branches:
Dungeon (14/15)            Temple (1/1) D:4            Lair (6/6) D:8
 Shoals (0/4) Lair:4       Spider (0/4) Lair:3        Slime (0/5) Lair:6
    Orc (0/2) D:10
 Vaults: D:13-14

Altars:
Ashenzari
Cheibriados
Dithmenos
Elyvilon
Fedhas
Gozag
Hepliaklqana
Kikubaaqudgha
Makhleb
Nemelex Xobeh
Okawaru
Qazlal
Ru
Sif Muna
Trog
Uskayaw
Vehumet
Wu Jian
Xom
Yredelemnul
Zin
The Shining One

Shops:
D:5 !

Annotations:
D:7 3 runed translucent doors, panicbit's ghost, novice MiFi
D:8 2 transporters, Tenar's ghost, novice DEEE
Lair:5 1 runed translucent door, Jeis's ghost, journeyman CeWr
Lair:6 exclusion: 4 oklob plants


Innate Abilities, Weirdness & Mutations

You are resistant to torment.
Your stone body is resilient. (AC +11)
You are immune to poison.
Your large and strong wings let you fly indefinitely.
You resist negative energy. (rN+)
You are resistant to electric shocks. (rElec)
You can survive without breathing.
You are immune to petrification.
You are immune to rotting.
[You have an uncontrollable temper.]
[You are extremely frail. (-30% HP)]
[Your magical capacity is very low. (-20% MP)]
[Potions are poor at restoring your health.]
[Your spells are easier to cast, but less powerful.]


Message History

The living lightning hits you! You resist.
* * * LOW HITPOINT WARNING * * *
The living lightning hits the thrashing horror.
The thrashing horror resists.
The raiju blinks!
Found a chain mail.
The thrashing horror tramples you but does no damage.
You block the thrashing horror's attack.
The raiju barks!
You bludgeon the thrashing horror!!
You block the thrashing horror's attack. x2
A raiju comes into view.
An earth elemental comes into view.
The thrashing horror roars!
You hear a bark! x2
The thrashing horror tramples you.
* * * LOW HITPOINT WARNING * * *
You hold your ground!
The thrashing horror tramples you but does no damage.
You block the thrashing horror's attack. x2
The raiju bursts into living lightning!
The living lightning hits you. You resist.
* * * LOW HITPOINT WARNING * * *
The living lightning hits the thrashing horror.
The thrashing horror resists.
The living lightning hits the thrashing horror!
The thrashing horror resists.
The living lightning hits you. You resist.
* * * LOW HITPOINT WARNING * * *
The raiju blinks! x2
The raiju bursts into living lightning!
The living lightning hits you. You resist.
* * * LOW HITPOINT WARNING * * *
The living lightning hits you but does no damage.
The raiju blinks!
Found 2 stones.
An earth elemental comes into view.
You block the thrashing horror's attack. x2
You block the raiju's attack.
Unknown command.
An ancient zyme comes into view.
The thrashing horror roars!
The raiju bursts into living lightning!
The living lightning hits you. You resist.
* * * LOW HITPOINT WARNING * * *
The living lightning hits you. You resist.
* * * LOW HITPOINT WARNING * * *
The raiju blinks!
Unknown command.
You hit the raiju.
The raiju bursts into living lightning!
The living lightning hits you. You resist.
You die...

..##..##..##..##.#
.............. ..§# ...
.............. #..
#..##..# ..### .
.##..##..##..##.##.## ..
#.(...........(#..#. . .
#.....X§..#.. ......
#[...hh#..≈(.... .....
###(.@E# .#≈#.h......
....(................. .
..x###.....#≈#(.........
.. ....#..$....##..# .
#....#..#≈#..# .....
........$....# ....
#≈#.....#≈#(... .##
..............# #. ..#
#(.#


You could see an ancient zyme, a thrashing horror, an earth elemental and 2
raiju.

Vanquished Creatures
  Gastronok (Lair:1)
  2 hydras (Lair:6)
  Fannar (Lair:2)
  Harold (D:8)
  A death knight (D:14)
  2 catoblepae
  Erica (D:8)
  2 two-headed ogres
  A tengu warrior (D:14)
  Urug (Lair:1)
  A thrashing horror (Abyss:3)
  2 unseen horrors
  A phantasmal warrior (D:14)
  Pikel (D:4)
  5 ugly things
  An orc knight (D:14)
  A wolf spider (Lair:6)
  3 manticores
  A merfolk siren (Lair:4)
  A guardian serpent (Lair:6)
  8 black mambas
  9 elephants
  Psyche (D:9)
  25 spiny frogs
  3 rime drakes
  2 freezing wraiths (D:14)
  6 komodo dragons
  A demonic crawler (Lair:3)
  2 tengu conjurers (D:14)
  A merfolk (Lair:4)
  2 trolls
  A polar bear (Lair:6)
  3 hornets (Lair:6)
  Prince Ribbit (D:9)
  A tyrant leech (Abyss:3)
  7 hippogriffs
  19 blink frogs
  7 slime creatures (D:14)
  A redback (Lair:6)
  A shadow (D:11)
  3 wraiths
  10 wyverns
  3 hogs (D:9)
  56 yaks
  A human (D:9)
  3 basilisks
  A hungry ghost (D:10)
  5 vampire mosquitoes
  A warg (D:10)
  An acid dragon (D:14)
  16 water moccasins
  7 porcupines
  6 orc warriors
  3 black bears
  2 ice beasts
  A necrophage (D:10)
  2 sky beasts
  4 slaves (D:4)
  8 ogres
  A phantom (D:11)
  5 centaurs
  9 wolves (Lair:4)
  13 crocodiles
  11 bullfrogs
  A big kobold (D:8)
  A gnoll sergeant (D:6)
  An earth elemental (Abyss:3)
  3 scorpions
  6 killer bees (D:7)
  8 wights
  2 howler monkeys
  An electric eel (Lair:1)
  9 crimson imps
  2 centaur zombies
  8 hounds
  2 jellies
  3 centaur skeletons
  11 orc wizards
  4 orc priests
  2 bullfrog skeletons
  A gnoll shaman (D:5)
  3 iguanas
  8 worker ants
  A killer bee zombie (D:6)
  A hound skeleton (D:9)
  3 worker ant zombies
  14 gnolls
  14 adders
  2 shadow imps
  2 oozes
  An adder zombie (D:5)
  An adder skeleton (D:6)
  3 worms
  4 dart slugs
  11 leopard geckos
  62 orcs
  3 ball pythons
  8 bats
  10 giant cockroaches
  7 goblins
  10 hobgoblins
  6 jackals
  11 kobolds
  3 quokkas
  5 frilled lizards
  A leopard gecko skeleton (D:7)
  4 rats
566 creatures vanquished.

Vanquished Creatures (others)
  24 fungi
  18 plants
42 creatures vanquished.

Grand Total: 608 creatures vanquished

Notes
Turn   | Place    | Note
-------+----------+-------------------------------------------
     0 | D:1      | DavidChitty2 the Gargoyle Fighter began the quest for the
                  | Orb.
     0 | D:1      | Reached XP level 1. HP: 14/14 MP: 1/1
   160 | D:1      | Reached XP level 2. HP: 19/19 MP: 2/2
   318 | D:1      | Reached XP level 3. HP: 21/23 MP: 3/3
   786 | D:2      | Found a faded altar of an unknown god.
  1055 | D:1      | Reached skill level 3 in Maces & Flails
  1058 | D:1      | Reached XP level 4. HP: 16/29 MP: 4/4
  1608 | D:2      | Reached XP level 5. HP: 31/33 MP: 5/5
  2170 | D:3      | Reached skill level 4 in Maces & Flails
  2170 | D:3      | Reached XP level 6. HP: 38/38 MP: 6/6
  2575 | D:4      | Found a staircase to the Ecumenical Temple.
  2584 | Temple   | Entered the Ecumenical Temple
  2748 | D:4      | Got a shimmering flail
  2749 | D:4      | Identified the +6 flail "Mud Pie of Death" {crush, rC-
                  | MR+++ Dex+5} (You found it on level 4 of the Dungeon)
  2762 | D:4      | Noticed a slave
  2764 | D:4      | Noticed Pikel
  2766 | D:4      | Noticed a slave
  2769 | D:4      | Killed a slave
  2770 | D:4      | Noticed a slave
  2773 | D:4      | Killed a slave
  2776 | D:4      | Noticed a slave
  2781 | D:4      | Killed a slave
  2786 | D:4      | Killed a slave
  2791 | D:4      | Killed Pikel
  2791 | D:4      | Reached skill level 5 in Fighting
  2791 | D:4      | Reached skill level 5 in Maces & Flails
  2791 | D:4      | Reached skill level 5 in Armour
  2791 | D:4      | Reached skill level 5 in Shields
  2791 | D:4      | Reached XP level 7. HP: 22/44 MP: 7/7
  3472 | D:5      | Entered Level 5 of the Dungeon
  3494 | D:5      | Got an ancient quarterstaff
  3546 | D:5      | Reached XP level 8. HP: 45/49 MP: 8/8
  3855 | D:5      | Found Vati's Distillery.
  3863 | D:5      | Bought a potion of heal wounds for 65 gold pieces
  3863 | D:5      | Bought a potion of heal wounds for 65 gold pieces
  3950 | D:5      | Reached skill level 6 in Maces & Flails
  4937 | D:6      | Reached skill level 7 in Maces & Flails
  5094 | D:6      | Reached XP level 9. HP: 49/55 MP: 9/9
  5903 | D:7      | Reached skill level 8 in Maces & Flails
  6364 | D:7      | Found a runed translucent gate.
  6364 | D:7      | Found a runed translucent gate.
  6364 | D:7      | Found a runed translucent gate.
  6364 | D:7      | Noticed panicbit's ghost (novice MiFi)
  6532 | D:8      | Found a staircase to the Lair.
  6565 | D:8      | Noticed Erica
  6575 | D:8      | Killed Erica
  6575 | D:8      | Reached skill level 9 in Maces & Flails
  6575 | D:8      | Reached XP level 10. HP: 38/64 MP: 10/10
  6641 | D:8      | Found a transporter.
  6656 | D:8      | Found a transporter.
  6657 | D:8      | Noticed Tenar's ghost (novice DEEE)
  6713 | D:8      | Killed an unseen horror
  6820 | D:8      | Noticed Harold
  6842 | D:8      | Killed Harold
  6842 | D:8      | Reached skill level 10 in Maces & Flails
  7222 | D:9      | Noticed Prince Ribbit
  7433 | D:9      | Got a coiled bone amulet
  7435 | D:9      | Identified the amulet of Nitay {RegenMP rC+++ Str-5 Dex-2
                  | Slay+5} (You found it on level 9 of the Dungeon)
  7642 | D:9      | Reached XP level 11. HP: 69/69 MP: 11/11
  7709 | D:9      | Noticed Psyche
  7718 | D:9      | Killed Psyche
  7724 | D:9      | Killed Prince Ribbit
  7950 | D:9      | Reached skill level 11 in Maces & Flails
  8127 | D:9      | Found an iron altar of Okawaru.
  8138 | D:9      | Found a basalt altar of Yredelemnul.
  8342 | D:9      | Became a worshipper of Warmaster Okawaru
  8408 | D:10     | Entered Level 10 of the Dungeon
  8550 | D:10     | Reached skill level 1 in Invocations
  8655 | D:10     | Noticed a purple ugly thing
  8679 | D:10     | Killed a purple ugly thing
  8679 | D:10     | Reached * piety under Okawaru
  8701 | D:10     | Found a staircase to the Orcish Mines.
  8784 | D:10     | Got a scorched rapier
  8981 | Lair:1   | Entered Level 1 of the Lair of Beasts
  9142 | Lair:1   | Noticed Urug
  9162 | Lair:1   | Killed Urug
  9231 | Lair:1   | Reached ** piety under Okawaru
  9481 | Lair:1   | Noticed Gastronok
  9499 | Lair:1   | Killed Gastronok
  9499 | Lair:1   | Reached *** piety under Okawaru
  9499 | Lair:1   | Reached skill level 12 in Maces & Flails
  9499 | Lair:1   | Reached XP level 12. HP: 54/77 MP: 14/14
  9581 | Lair:1   | Reached skill level 10 in Fighting
  9838 | Lair:2   | Reached **** piety under Okawaru
  9838 | Lair:2   | Reached skill level 10 in Shields
  9878 | Lair:2   | Reached skill level 10 in Armour
 10602 | Lair:2   | Identified the Compendium of the Entrancing Rocks
 10627 | Lair:2   | You fall into a shaft and drop 1 floor!
 10664 | Lair:3   | Reached ***** piety under Okawaru
 10752 | Lair:2   | Reached skill level 5 in Invocations
 10928 | Lair:2   | Noticed Fannar
 10939 | Lair:2   | Killed Fannar
 11390 | Lair:3   | Reached skill level 13 in Maces & Flails
 11422 | Lair:3   | Reached XP level 13. HP: 83/83 MP: 17/17
 11451 | Lair:3   | Found a hole to the Spider Nest.
 12211 | Lair:4   | Received a gift from Okawaru
 12215 | Lair:4   | Found a staircase to the Shoals.
 13035 | Lair:5   | Found the +3 warlock's mirror {reflect}
 13227 | Lair:5   | Found a runed translucent door.
 13227 | Lair:5   | Found a shimmering altar of Xom.
 13227 | Lair:5   | Noticed Jeis's ghost (journeyman CeWr)
 13504 | Lair:5   | Reached ****** piety under Okawaru
 13525 | Lair:5   | Reached skill level 14 in Maces & Flails
 13919 | Lair:6   | Entered Level 6 of the Lair of Beasts
 13948 | Lair:6   | Received a gift from Okawaru
 13949 | Lair:6   | Got a fine large shield {god gift}
 13961 | Lair:6   | Identified the +5 large shield of the Sixty-Six Hells
                  | {Str+2} (Okawaru gifted it to you on level 6 of the Lair of
                  | Beasts)
 14147 | Lair:6   | Gained mutation: Your large and strong wings let you fly
                  | indefinitely. [Gargoyle growth]
 14147 | Lair:6   | Reached XP level 14. HP: 91/91 MP: 19/19
 15293 | Lair:6   | Found a staircase to the Slime Pits.
 15566 | Lair:6   | Received a gift from Okawaru
 16713 | D:12     | You are sucked into a shaft and drop 2 floors!
 16930 | D:14     | Reached XP level 15. HP: 68/99 MP: 21/21
 17020 | D:14     | Received a gift from Okawaru
 17042 | D:14     | Cast into level 3 of the Abyss (tengu warrior)
 17107 | Abyss:3  | Killed from afar by a raiju

Levels and vault maps discovered:
D:1:      wander_arrival_abandoned_jail, layout_rooms
D:2:      minmay_inner_zag, layout_rooms, chequers_ecumenical_altar_simple_redux
D:3:      layout_rooms, first_ration, minmay_circle_x
D:4:      layout_loops_cross, temple_pool_b, uniq_pikel
D:5:      layout_layer_cave, serial_shops, nicolae_shop_crystal
D:6:      layout_cave_pools, serial_park, serial_park_tiny_2,
          serial_park_avenue1
D:7:      layout_rooms, ebering_ghost_rock_garden
D:8:      layout_basic, lair_entry_dummy, gammafunk_ghost_mausoleum,
          uniq_harold, uniq_erica
D:9:      layout_irregular_city, amethyst_overflow_temple_binary,
          grunt_livestock, uniq_psyche, uniq_prince_ribbit1
D:10:     layout_basic, david_orc_3
D:11:     layout_basic, grunt_decor_cap
D:12:     layout_small_grid
D:14:     layout_big_octagon, infiniplex_staircase_zigzag_3
Temple:   regret_index_temple_chain_breaker
Lair:1:   layout_loops_ring, infiniplex_staircase_pool, uniq_gastronok,
          uniq_urug
Lair:2:   layout_long_grid, lemuel_fruit_fields, grunt_megastairs_2, uniq_fannar
Lair:3:   layout_regular_city, nicolae_spider_entry_non_spiders
Lair:4:   layout_loops_ring, elwin_shoals_entry_rooms
Lair:5:   layout_misc_corridors, ebering_ghost_xom
Lair:6:   hangedman_lair_tendril_chambers, layout_regular_city,
          minmay_slime_entry_oklob_open
Abyss:3:  base: D:14, evilmike_abyss_exit_15, hangedman_stitches_earthworm

Skill      XL: |  1  2  3  4  5  6  7  8  9 10 11 12 13 14 |
---------------+-------------------------------------------+-----
Maces & Flails | 3 4 5 7 9 10 12 13 14 | 14.0
Armour         | 4 5 6 7 8 9 10 11 13 | 13.3
Fighting       | 4 5 6 7 8 9 10 11 13 | 13.4
Shields        | 4 5 6 7 8 9 10 11 13 | 13.4
Invocations    | 3 5 7 8 |  8.0

Action                   |  1- 3 |  4- 6 |  7- 9 | 10-12 | 13-15 || total
-------------------------+-------+-------+-------+-------+-------++-------
Melee: Flail             |   125 |   205 |   295 |   584 |   836 ||  2045
Invok: Heroism           |       |       |       |     2 |    10 ||    12
       Finesse           |       |       |       |       |     2 ||     2
 Abil: Fly               |       |       |       |       |     1 ||     1
Evoke: Wand              |       |       |       |     6 |       ||     6
  Use: Scroll            |       |    10 |     6 |     3 |     8 ||    27
       Potion            |       |       |       |       |     2 ||     2
  Eat: Chunk             |       |     6 |    10 |    16 |    15 ||    47
       Ration            |       |       |     1 |       |     1 ||     2
Armor: Scale mail        |    86 |   145 |   222 |       |       ||   453
       Chain mail        |       |       |     9 |   129 |       ||   138
       Plate armour      |       |       |       |   159 |   437 ||   596
Dodge: Dodged            |    60 |    68 |   134 |    59 |   148 ||   469
Block: Shield            |    87 |   127 |   228 |    23 |       ||   465
       Large shield      |       |       |       |   414 |   984 ||  1398

Table legend:
 A = Non-vault XP
 B = Vault XP
 C = Vault XP percentage of total XP
 D = Non-vault monster count
 E = Vault monster count
 F = Vault count percentage of total count
                 A         B        C        D         E       F
            +---------+---------+-------+---------+---------+-------
      Total |   68551 |   22422 |  24.6 |     478 |      84 |  14.9
            +---------+---------+-------+---------+---------+-------
        D:1 |     107 |       0 |   0.0 |      29 |       0 |   0.0
        D:2 |      42 |      21 |  33.3 |      16 |       6 |  27.3
        D:3 |     168 |      10 |   5.6 |      25 |       5 |  16.7
        D:4 |     195 |     607 |  75.7 |       9 |       1 |  10.0
        D:5 |     647 |       0 |   0.0 |      25 |       0 |   0.0
        D:6 |    1200 |       0 |   0.0 |      30 |       0 |   0.0
        D:7 |    1013 |       0 |   0.0 |      27 |       0 |   0.0
        D:8 |    1631 |    1899 |  53.8 |      25 |       2 |   7.4
        D:9 |    2230 |    1694 |  43.2 |      33 |       7 |  17.5
       D:10 |    1955 |     326 |  14.3 |      28 |       6 |  17.6
       D:11 |    3368 |       0 |   0.0 |      15 |       0 |   0.0
       D:12 |    2731 |       0 |   0.0 |      17 |       0 |   0.0
       D:14 |   12041 |       0 |   0.0 |      42 |       0 |   0.0
     Lair:1 |    3857 |    3032 |  44.0 |      15 |       2 |  11.8
     Lair:2 |    6351 |    2110 |  24.9 |      29 |       5 |  14.7
     Lair:3 |    4680 |     501 |   9.7 |      21 |       8 |  27.6
     Lair:4 |    7607 |    1239 |  14.0 |      27 |       3 |  10.0
     Lair:5 |    8467 |       0 |   0.0 |      29 |       0 |   0.0
     Lair:6 |   10261 |    9792 |  48.8 |      36 |      36 |  50.0
    Abyss:3 |       0 |    1191 | 100.0 |       0 |       3 | 100.0
            +---------+---------+-------+---------+---------+-------
